 Dungeon Crawl Stone Soup version 0.21-a0-127-g329daca (webtiles) character file.

266 Chiseanne the Gusty (level 6, -7/73 HPs)
             Began as a Gnoll Wanderer on July 16, 2017.
             Mangled by a mummy (10 damage)
             ... in an ossuary.
             The game lasted 00:08:08 (3692 turns).

Chiseanne the Gusty (Gnoll Wanderer)                Turns: 3692, Time: 00:08:09

Health: -7/73      AC: 23    Str: 12    XL:     6   Next: 20%
Magic:  11/11      EV:  2    Int: 12    God:
Gold:   147        SH:  0    Dex: 20    Spells: 12/12 levels left

rFire    . . .     SeeInvis .   a - +0 mace (holy)
rCold    . . .     Gourm    .   (no shield)
rNeg     + + +     Faith    .   (armour currently unavailable)
rPois    +         Spirit   .   (helmet currently unavailable)
rElec    .         Reflect  .   (cloak currently unavailable)
rCorr    .         Harm     .   (gloves currently unavailable)
MR       .....     NoTele   +   (boots currently unavailable)
Stlth    +++.......             (no amulet)
HPRegen  0.22/turn              (no ring)
MPRegen  0.12/turn              (no ring)

@: agile, tree-form
A: short attention span, strong nose
a: no special abilities


You were in an ossuary.
You were not hungry.
You were a tree.
You visited 1 branch of the dungeon, and saw 4 of its levels.
You also visited: Ossuary.

You collected 147 gold pieces.

Inventory:

Hand Weapons
 a - a +0 mace of holy wrath (weapon)
 v - a +0 blowgun
 w - a +2 shortbow
Missiles
 g - 131 stones (quivered)
 h - 39 sling bullets
 i - 17 bolts
 r - 20 poisoned needles
Armour
 q - a +0 scale mail (melded)
Jewellery
 l - an uncursed ring of poison resistance {unknown}
 x - a +5 ring of strength {unknown}
Wands
 d - a wand of random effects (9/48)
 y - a wand of acid (7/15)
Scrolls
 c - 6 scrolls of teleportation
 e - a scroll of random uselessness {unknown}
 m - a scroll of remove curse
 t - a scroll of blinking
Potions
 n - a potion of brilliance
 o - a potion of agility
 p - a potion of curing
 u - a potion of might {unknown}
Comestibles
 f - a bread ration
 k - 3 meat rations
 s - 3 fruits
 z - a royal jelly


   Skills:
 * Level 4.6 Fighting
 * Level 4.1 Bows
 * Level 3.2 Armour
 * Level 4.7 Dodging
 - Level 1.5 Stealth
 - Level 3.6 Spellcasting
   Level 4.8 Air Magic
 * Level 4.6 Evocations


You had 12 spell levels left.
You didn't know any spells.

Dungeon Overview and Level Annotations

Branches:
Dungeon (4/15)
 Temple: D:4-7

Altars:
Kikubaaqudgha
Nemelex Xobeh
Okawaru

Annotations:
D:2 Crazy Yiuf


Innate Abilities, Weirdness & Mutations

You have a short attention span.
((You have very sharp teeth.))
Your uncanny sense of smell can sniff out nearby items.


Message History

You hit the mummy.
The mummy convulses.
The mummy is lightly damaged.
The mummy hits you but does no damage.
The big kobold zombie hits you but does no damage.
The mummy hits you but does no damage.
You barely miss the mummy.
The mummy is lightly damaged.
The big kobold zombie hits you but does no damage.
The mummy hits you.
* * * LOW HITPOINT WARNING * * *
You hit the mummy.
The mummy convulses.
The mummy is moderately damaged.
The mummy hits you!
* * * LOW HITPOINT WARNING * * *
The big kobold zombie hits you but does no damage.
The mummy hits you but does no damage.
You hit the big kobold zombie.
You destroy the big kobold zombie!
The mummy hits you!
You die...

#....#
∆
#...(#
#..(.#
∆ ∆
#....#
∆ ∆
#....#
∆ ∆∆∆
#.(..#
∆∆ ∆∆
#....#
∆ ∆∆
#MM..#
∆∆ ∆∆
#.♣∩.#
∆
######


You could see 2 mummies.

Vanquished Creatures
  An orc wizard (D:3)
  Terence (D:2)
  A big kobold zombie (Ossuary)
  3 mummies (Ossuary)
  5 adders
  An ooze (D:3)
  4 worms
  A dart slug (D:2)
  7 orcs (D:3)
  A bat zombie (D:3)
  2 giant cockroaches
  A gnoll zombie (Ossuary)
  12 goblins
  11 hobgoblins
  5 jackals
  A quokka (D:2)
  A ball python (D:1)
  4 bats
  8 frilled lizards
  2 hobgoblin zombies (Ossuary)
  8 kobolds
  A kobold zombie (Ossuary)
  3 orc zombies (Ossuary)
  8 rats
  4 rat zombies (D:3)
  A fungus (D:2)
97 creatures vanquished.

Notes
Turn   | Place    | Note
-------+----------+-------------------------------------------
     0 | D:1      | Chiseanne the Gnoll Wanderer began the quest for the Orb.
     0 | D:1      | Chiseanne set off with: a +2 shortbow, 27 arrows, a scroll of teleportation, a wand of random effects (15/48), a +0 robe, a bread ration
     0 | D:1      | Reached XP level 1. HP: 16/16 MP: 5/5
   185 | D:1      | Reached XP level 2. HP: 23/23 MP: 6/6
   328 | D:1      | Reached skill level 1 in Dodging
   533 | D:1      | Reached XP level 3. HP: 27/28 MP: 8/8
   689 | D:1      | Found a sparkling altar of Nemelex Xobeh.
  1286 | D:2      | Noticed Terence
  1292 | D:2      | Killed Terence
  1292 | D:2      | Reached XP level 4. HP: 35/35 MP: 9/9
  1712 | D:2      | Found an iron altar of Okawaru.
  2273 | D:2      | Found a runed door.
  2277 | D:2      | Noticed Crazy Yiuf
  2467 | D:3      | Reached XP level 5. HP: 42/42 MP: 10/10
  2818 | D:3      | Found an ancient bone altar of Kikubaaqudgha.
  3545 | D:4      | Found a sand-covered staircase.
  3549 | Ossuary  | Entered an ossuary
  3670 | Ossuary  | Reached XP level 6. HP: 32/49 MP: 11/11
  3691 | Ossuary  | HP: 3/73 [mummy (8)]
  3692 | Ossuary  | Mangled by a mummy

Vault maps used:
D:1:      evilmike_arrival_run_for_it, nemelex_diamond_rough_becter
D:2:      st_stairs_9, minmay_misc_feat_doors, kennysheep_okawaru_gauntlet,
          uniq_terence, uniq_crazy_yiuf_cottage
D:3:      lemuel_zombie_altar_kikubaaqudgha
D:4:      minmay_diamond_boxcup, nicolae_overflow_hidden_temple,
          grunt_temple_overflow_open, enter_ossuary_5
Ossuary:  ossuary_tomb_3

Skill      XL: |  1  2  3  4  5  6 |
---------------+-------------------+-----
Fighting       | 2 3 4 |  4.6
Evocations     | 2 3 4 |  4.6
Bows           | 2 3 4 |  4.1
Dodging        | 1 2 3 4 |  4.7
Armour         | 3 |  3.2
Stealth        | |  1.5
Spellcasting   | |  3.6
Air Magic      | |  4.8

Action                   |  1- 3 |  4- 6 || total
-------------------------+-------+-------++-------
Melee: Mace              |       |   180 ||   180
       Bite              |       |    10 ||    10
 Fire: Shortbow          |    88 |    48 ||   136
Throw: Stone             |       |    14 ||    14
Evoke: Wand              |       |     6 ||     6
  Use: Scroll            |       |     6 ||     6
       Potion            |       |     4 ||     4
  Eat: Chunk             |     1 |     7 ||     8
       Fruit             |       |     1 ||     1
Armor: Robe              |     3 |     6 ||     9
       Scale mail        |       |    59 ||    59
       Skin              |       |    19 ||    19
Dodge: Dodged            |    17 |   124 ||   141
